AoeStats
← Clubmate

Arena

508072429Analyzed
4v4 RM · 12d ago on Sep 20, 2026· 63m 27s· 8 players
Game mode
Random Map
Map size
Large (8 player)
Population
200
Speed
Normal
Resources
Standard
Victory
Conquest
Starting age
Dark Age
Ending age
Imperial Age
RankedLock teamsTeams togetherTeam positionsShared explorationLock speedFull tech treeHidden civsTurbo modeCheats
Victory
Defeat
🇵🇪 Huns · Peru
1090
+15
🇸🇪 Persians · Sweden
1087
+15
🇧🇪 Portuguese · Belgium
1082
+15
🇸🇪 Khmer · Sweden
1008
+19
🇵🇱 Saracens · Poland
1084
-17
🇵🇱 Ethiopians · Poland
1081
-16
🇱🇹 Lithuanians · Lithuania
1059
-16
🇸🇪 Bulgarians · Sweden
1032
-15
Sophia
0:28 Loom
11:39 Feudal Age
12:59 Wheelbarrow
12:15 Double-Bit Axe
12:13 Horse Collar
12:46 Town Watch
20:58 Castle Age
19:23 Gold Mining
20:02 Bloodlines
20:05 Stone Mining
21:28 Forging
21:12 Pikeman
22:14 Bow Saw
22:50 Fervor
22:56 Fervor
22:56 Heavy Plow
25:48 Iron Casting
26:48 Squires
29:23 Stone Shaft Mining
30:55 Hand Cart
36:28 Imperial Age
35:54 Ballistics
37:22 Murder Holes
42:31 Chemistry
43:16 Two-Man Saw
45:25 Crop Rotation
44:50 Onager
45:19 Halberdier
46:58 Conscription
47:35 Husbandry
48:21 Elite Leitis
49:40 Fletching
49:52 Scale Mail Armor
51:56 Scale Barding Armor
57:06 Masonry
58:12 Chain Barding Armor
58:08 Chain Mail Armor
57:51 Bodkin Arrow
58:06 Light Cavalry
60:40 Town Patrol
60:36 Winged Hussar
Frą
11:46 Feudal Age
16:20 Castle Age
15:03 Horse Collar
15:09 Double-Bit Axe
16:14 Gold Mining
17:30 Bow Saw
18:05 Heavy Plow
22:10 Forging
25:26 Wheelbarrow
25:16 Squires
26:58 Scale Mail Armor
29:18 Hand Cart
28:45 Man-at-Arms
29:11 Arson
30:14 Gold Shaft Mining
29:29 Stone Mining
30:45 Iron Casting
31:10 Chain Mail Armor
30:30 Long Swordsman
38:41 Imperial Age
41:37 Blast Furnace
41:07 Plate Mail Armor
40:00 Halberdier
41:31 Conscription
42:39 Siege Engineers
42:55 Ballistics
43:36 Chemistry
43:04 Two-Handed Swordsman
48:00 Stone Shaft Mining
47:49 Town Watch
48:07 Crossbowman
48:54 Thumb Ring
49:57 Coinage
49:30 Caravan
49:54 Fletching
50:04 Padded Archer Armor
49:51 Arbalester
51:12 Bodkin Arrow
51:32 Leather Archer Armor
52:19 Bracer
55:37 Ring Archer Armor
54:37 Elite Skirmisher
55:44 Onager
59:51 Torsion Engines
Clubmate
8:40 Loom
9:02 Loom
11:20 Feudal Age
12:03 Horse Collar
12:13 Double-Bit Axe
12:42 Town Watch
16:15 Wheelbarrow
18:58 Castle Age
17:22 Scale Barding Armor
18:56 Forging
19:38 Bloodlines
21:12 Husbandry
22:59 Iron Casting
23:46 Town Patrol
24:17 Hand Cart
24:47 Squires
24:33 Gambesons
28:04 Scale Mail Armor
29:09 Chain Mail Armor
35:42 Arson
40:31 Imperial Age
40:39 Pikeman
42:59 Chain Barding Armor
42:03 Cavalier
grochiszcze
10:18 Feudal Age
14:09 Castle Age
12:55 Double-Bit Axe
13:30 Horse Collar
15:21 Bow Saw
15:55 Heavy Plow
21:20 Wheelbarrow
20:34 Town Watch
22:46 Hand Cart
22:55 Loom
23:31 Gold Mining
27:50 Imperial Age
25:42 Town Patrol
25:50 Stone Mining
26:13 Scale Barding Armor
27:20 Gold Shaft Mining
26:58 Forging
27:05 Treadmill Crane
28:55 Chain Barding Armor
29:51 Two-Man Saw
28:21 Elite Mameluke
29:54 Conscription
29:48 Siege Engineers
30:31 Plate Barding Armor
29:59 Husbandry
30:10 Bloodlines
31:53 Iron Casting
34:33 Blast Furnace
34:11 Caravan
34:39 Fletching
35:52 Chemistry
35:03 Masonry
35:40 Bodkin Arrow
38:36 Fortified Wall
41:45 Bracer
42:07 Ballistics
41:48 Elite Skirmisher
42:30 Padded Archer Armor
43:12 Leather Archer Armor
47:01 Ring Archer Armor
49:55 Heavy Camel Rider
61:35 Hoardings
Re-Spektor lover
11:50 Feudal Age
12:49 Horse Collar
13:38 Loom
16:21 Castle Age
14:17 Town Watch
14:29 Double-Bit Axe
15:08 Gold Mining
15:27 Stone Mining
18:03 Bow Saw
21:48 Wheelbarrow
24:08 Heavy Plow
25:15 Hand Cart
29:41 Imperial Age
27:36 Fletching
27:46 Padded Archer Armor
28:18 Bodkin Arrow
28:53 Bloodlines
28:43 Husbandry
29:38 Leather Archer Armor
30:22 Town Patrol
34:00 Scale Barding Armor
34:06 Forging
35:07 Chain Barding Armor
35:08 Bracer
36:32 Ring Archer Armor
36:32 Elite Ballista Elephant
37:46 Conscription
39:10 Ballistics
39:01 Masonry
41:10 Double Crossbow
42:19 Plate Barding Armor
42:50 Iron Casting
43:08 Hoardings
45:34 Blast Furnace
45:35 Architecture
49:00 Gold Shaft Mining
55:51 Murder Holes
60:15 Caravan
62:10 Elite Battle Elephant
noumha
9:55 Feudal Age
14:23 Castle Age
13:21 Horse Collar
22:29 Double-Bit Axe
23:19 Pikeman
25:55 Loom
26:45 Wheelbarrow
30:54 Imperial Age
28:45 Gambesons
29:14 Forging
29:04 Scale Mail Armor
29:50 Fortified Wall
30:29 Gold Mining
31:17 Hand Cart
30:50 Town Watch
32:13 Conscription
32:58 Chemistry
32:52 Halberdier
35:37 Iron Casting
35:54 Man-at-Arms
36:22 Arson
36:49 Long Swordsman
38:35 Blast Furnace
37:50 Chain Mail Armor
38:21 Bow Saw
38:11 Two-Handed Swordsman
39:17 Fletching
39:27 Padded Archer Armor
40:21 Thumb Ring
40:19 Arquebus
40:00 Champion
43:32 Plate Mail Armor
42:57 Bodkin Arrow
43:18 Leather Archer Armor
47:45 Elite Skirmisher
60:12 Guilds
60:32 Coinage
61:06 Two-Man Saw
60:35 Circumnavigation
63:13 Banking
Gautier Sans-Avoir
10:35 Feudal Age
11:10 Double-Bit Axe
13:56 Horse Collar
17:02 Loom
20:12 Castle Age
18:51 Gold Mining
20:17 Bloodlines
20:17 Scale Barding Armor
20:08 Light Cavalry
20:53 Heavy Plow
23:14 Husbandry
25:49 Wheelbarrow
25:43 Forging
27:59 Hand Cart
29:02 Bow Saw
29:12 Stone Mining
29:58 Gold Shaft Mining
30:01 Town Watch
31:05 Chain Barding Armor
30:36 Fletching
30:52 Kamandaran
30:55 Padded Archer Armor
30:58 Scale Mail Armor
31:20 Fletching
32:05 Masonry
32:39 Chain Barding Armor
33:01 Bodkin Arrow
33:53 Leather Archer Armor
34:22 Ballistics
35:04 Iron Casting
34:05 Crossbowman
35:31 Thumb Ring
40:16 Imperial Age
42:40 Chemistry
42:11 Architecture
44:38 Two-Man Saw
45:41 Ring Archer Armor
46:18 Plate Barding Armor
46:44 Blast Furnace
47:38 Crop Rotation
58:37 Stone Shaft Mining
mid or techies
11:02 Feudal Age
11:17 Feudal Age
12:18 Horse Collar
12:24 Double-Bit Axe
15:53 Castle Age
17:01 Heavy Plow
17:13 Bow Saw
24:37 Gold Mining
27:35 Imperial Age
25:44 Marauders
27:44 Bloodlines
27:35 Husbandry
27:49 Forging
29:11 Gold Shaft Mining
28:01 Elite Tarkan
29:06 Conscription
30:04 Iron Casting
30:27 Scale Barding Armor
37:59 Chain Barding Armor
38:39 Blast Furnace
38:00 Chain Barding Armor
39:27 Two-Man Saw
38:15 Loom
40:56 Cavalier
42:18 Plate Barding Armor
43:11 Wheelbarrow
44:47 Hand Cart
44:18 Town Watch
46:11 Masonry
45:58 Murder Holes
45:29 Paladin
52:21 Fletching
52:58 Elite Skirmisher
55:28 Bodkin Arrow
60:19 Caravan
Connection lost

Rejoining the realm…

Still unreachable

The connection could not be restored.

Session expired

The server has moved on; the page needs a fresh start.